 Dungeon Crawl Stone Soup version 0.30-a0-862-g1aabd4f9c5 (webtiles) character file.

Game seed: 15270357961397145339

210 Esekla the Covert (level 5, -2/37 HPs)
             Began as an Octopode Delver on Mar 9, 2023.
             Slain by a phantom (5 damage)
             ... on level 5 of the Dungeon.
             The game lasted 00:08:04 (1058 turns).

Esekla the Covert (Octopode Delver)                 Turns: 1058, Time: 00:08:05

Health: -2/37      AC:  1    Str: 12    XL:     5   Next: 88%
Magic:  7/7        EV: 13    Int: 14    God:
Gold:   62         SH:  0    Dex: 13    Spells: 7/7 levels left

rFire   . . .      SeeInvis .    a - +2 long sword (vamp)
rCold   . . .      Faith    .    (no shield)
rNeg    . . .      Spirit   .    (helmet restricted)
rPois   .          Reflect  .    (no amulet)
rElec   .          Rampage  .    (no ring)
rCorr   .                        (no ring)
Will    .....                    (no ring)
Stlth   +++++                    (no ring)
HPRegen 0.26/turn                (no ring)
MPRegen 0.10/turn                (no ring)
                                 (no ring)
                                 (no ring)

@: no status effects
A: almost no armour, amphibious, 8 rings, camouflage 1, gelatinous body 1,
(nimble swimmer 1), tentacles
a: no special abilities


You were on level 5 of the Dungeon.
You visited 1 branch of the dungeon, and saw 2 of its levels.

You collected 62 gold pieces.

Inventory:

Hand Weapons
 a - a +2 vampiric long sword (weapon)
 d - a +0 dagger
Wands
 f - a wand of digging (3)
Scrolls
 b - 2 scrolls of fog
 c - 3 scrolls of magic mapping
Potions
 i - a potion of curing {unknown}


   Skills:
 * Level 3.9 Fighting
 * Level 3.0 Long Blades
 * Level 2.7 Dodging
 + Level 8.2 Stealth
 * Level 1.5 Spellcasting


You had 7 spell levels left.
You didn't know any spells.
Your spell library contained the following spells:

 Spells                   Type           Power      Damage    Failure   Level
 Magic Dart               Conj           4%         1d3       26%         1
 Call Imp                 Summ           1%         N/A       36%         2
 Mephitic Cloud           Conj/Pois/Air  1%         N/A       58%         3
 Vhi's Electric Charge    Tloc/Air       2%         N/A       58%         3
 Arcjolt                  Conj/Air       0%         1d10      100%        5
 Maxwell's Capacitive Co  Air            0%         ∞         100%        8


Dungeon Overview and Level Annotations

Branches:
Dungeon (5/15)
 Temple: D:4-7

Altars:

Shops:
D:5 *

Annotations:
D:4 3 runed translucent doors, Juicyj's ghost, novice DECj
D:5 Edmund


Innate Abilities, Weirdness & Mutations

You cannot wear most types of armour.
You are amphibious.
You can wear up to eight rings at the same time.
Your skin changes colour to match your surroundings (Stealth+).
Your rubbery body absorbs attacks. (AC +1, EV +1)
((You are camouflaged when in or above water. (Stealth+)))
You have tentacles for arms and can constrict up to eight enemies at once.


Message History

You slash the adder!
You kill the adder!
Your Long Blades skill increases to level 3!
You barely miss the phantom.
You squeeze the phantom, but do no damage.
The phantom hits you!
The phantom blinks!
You blink.
You slash the phantom!
The phantom is moderately damaged.
The phantom misses you.
You hit the phantom.
You squeeze the phantom, but do no damage.
The phantom is moderately damaged.
The phantom closely misses you. The phantom hits you!
The phantom blinks!
You blink.
You hit the phantom but do no damage.
The phantom is moderately damaged.
The phantom hits you but does no damage.
You hit the phantom. Your squeeze misses the phantom.
The phantom is moderately damaged.
The phantom hits you.
You slash the phantom!
The phantom is heavily damaged.
The phantom closely misses you.
You closely miss the phantom. Your squeeze misses the phantom.
The phantom is heavily damaged.
The phantom hits you. x2; The phantom blinks!
You blink.
You closely miss the phantom.
The phantom is heavily damaged.
The phantom hits you.
* * * LOW HITPOINT WARNING * * *
The phantom blinks!
You blink.
You hit the phantom. Your squeeze misses the phantom.
The phantom is severely damaged.
The phantom hits you.
* * * LOW HITPOINT WARNING * * *
The phantom blinks!
You blink.
You hit the phantom. Your squeeze misses the phantom.
The phantom is severely damaged.
The phantom completely misses you. The phantom hits you.
You die...

*,* *#+#* #.###### *,* #.#
#.# *,* #.###### #.# *,*
##†##...# #.# *,*
##<..#...# #.# **>**
#..)...§§#####.#
**,,,***#####..........##.#
*,,,,,**........W..§...#*,*
**,,,,,,.#####.@..........*
**,****** ####...######*
*** #...# #...# #####


You could see a phantom.

Vanquished Creatures
  A black bear (D:4)
  A howler monkey (D:4)
  An iguana (D:4)
  An orc wizard (D:4)
  2 adders
  6 orcs
  2 endoplasms (D:4)
  A giant cockroach (D:4)
  2 goblins
  A hobgoblin (D:4)
18 creatures vanquished.

Notes
Turn   | Place    | Note
-------+----------+-------------------------------------------
     0 | D:5      | Esekla the Octopode Delver began the quest for the Orb.
     0 | D:5      | Reached XP level 1. HP: 16/16 MP: 1/1
    16 | D:5      | Noticed an iguana
    16 | D:5      | Noticed an iguana
    16 | D:5      | Noticed an orc wizard
    35 | D:5      | Found Meon's Assorted Antiques.
    35 | D:5      | Noticed Edmund
    58 | D:5      | Noticed an ogre
    98 | D:5      | Reached XP level 2. HP: 14/21 MP: 2/2
   225 | D:4      | Noticed a two-headed ogre
   364 | D:5      | Noticed an orc warrior
   389 | D:4      | Noticed an ice beast
   545 | D:4      | Found a runed translucent gate.
   545 | D:4      | Found a runed translucent gate.
   545 | D:4      | Found a runed translucent gate.
   545 | D:4      | Noticed Juicyj's ghost (novice DECj)
   582 | D:4      | Noticed a howler monkey
   599 | D:4      | Killed a howler monkey
   600 | D:4      | Reached skill level 7 in Stealth
   600 | D:4      | Reached XP level 3. HP: 25/26 MP: 2/4
   601 | D:4      | Noticed a black bear
   610 | D:4      | Killed a black bear
   611 | D:4      | Reached skill level 1 in Spellcasting
   611 | D:4      | Reached XP level 4. HP: 27/33 MP: 3/5
   611 | D:4      | Reached XP level 5. HP: 31/37 MP: 3/6
   887 | D:4      | Reached skill level 8 in Stealth
  1041 | D:5      | Noticed a phantom
  1058 | D:5      | Slain by a phantom

Illustrated notes

Levels and vault maps discovered:
D:4:      layout_basic, serial_curves, eino_curves_02, eino_curves_02,
          gammafunk_ghost_necromancy
D:5:      cheibrodos_barr_body, layout_loops_corners, ebering_ghost_rock_garden,
          serial_shops, nicolae_shop_advertising_works
          [nicolae_subvault_shop_adworks], uniq_edmund

Skill      XL: |  1  2  3  4  5 |
---------------+----------------+-----
Stealth        | 7 8 |  8.2
Spellcasting   | 1 |  1.5
Long Blades    | 3 |  3.0
Fighting       | |  3.9
Dodging        | |  2.7

Action                     |  1- 3 |  4- 6 || total
---------------------------+-------+-------++-------
  Melee: Long sword        |    18 |    27 ||    45
         Constrict         |     6 |     4 ||    10
         Tentacles         |     6 |     4 ||    10
         Punch             |     1 |     1 ||     2
    Use: Scroll            |     2 |     2 ||     4
         Potion            |       |     2 ||     2
   Stab: Sleeping          |     1 |     1 ||     2
 Armour: Skin              |       |     6 ||     6
  Dodge: Dodged            |    13 |    12 ||    25

Table legend: (Time is in decaauts)
 A = Elapsed time spent in this place.
 B = Non-inter-level travel time spent in this place.
 C = Inter-level travel time spent in this place.
 D = Time resting spent in this place.
 E = Time spent auto-exploring this place.
 F = Levels seen in this place.
 G = Mean time per level.
                   A        B        C        D        E       F      G
               +--------+--------+--------+--------+--------+-----+--------+
         Total |   1056 |   1056 |      0 |    209 |     44 |   2 |  528.0 |
       Dungeon |   1056 |   1056 |      0 |    209 |     44 |   2 |  528.0 |
               +--------+--------+--------+--------+--------+-----+--------+

Top non-repeatable levels by time:
     D:4: 666 daAuts
     D:5: 389 daAuts
